 Dungeon Crawl Stone Soup version 0.30-a0-586-g23e55c9e0a (webtiles) character file.

Game seed: 8426955817881400346

92 Zonian the Shield-Bearer (level 4, -3/24 HPs)
             Began as a Vine Stalker Fighter on Jan 4, 2023.
             Slain by a black bear (6 damage)
             ... on level 3 of the Dungeon.
             The game lasted 00:03:22 (1888 turns).

Zonian the Shield-Bearer (Vine Stalker Fighter)     Turns: 1888, Time: 00:03:23

Health: -3/24      AC:  6    Str: 19    XL:     4   Next: 60%
Magic:  0/5        EV:  9    Int:  8    God:
Gold:   123        SH:  5    Dex: 15    Spells: 3/3 levels left

rFire   . . .      SeeInvis .    a - +1 rapier
rCold   . . .      Faith    .    c - +0 buckler
rNeg    . . .      Spirit   +    b - +0 scale mail
rPois   +          Reflect  .    (no helmet)
rElec   .          Harm     .    (no cloak)
rCorr   .          Rampage  .    (no gloves)
Will    .....                    (no boots) Stlth
                                 (no amulet)
HPRegen 1.04/turn                i - ring of poison resistance
MPRegen 0.09/turn                (no ring)

@: no status effects
A: fangs 2, regeneration 1, magic shield, antimagic bite, no potion heal 2
a: no special abilities


You were on level 3 of the Dungeon.
You visited 1 branch of the dungeon, and saw 3 of its levels.

You collected 123 gold pieces.

Inventory:

Hand Weapons
 a - a +1 rapier (weapon)
 h - a +0 dagger
Armour
 b - a +0 scale mail (worn)
 c - a +0 buckler (worn)
Jewellery
 i - a ring of poison resistance (left hand)
Wands
 l - a wand of iceblast (5)
Scrolls
 e - 2 scrolls of amnesia
 j - a scroll of poison
 m - 2 scrolls of noise
 p - a scroll of teleportation
Potions
 d - 2 potions of might
 f - a potion of attraction
 k - 2 potions of curing
 o - a potion of lignification
 q - a potion of heal wounds


   Skills:
 + Level 3.2 Fighting
 + Level 2.6 Short Blades
 + Level 3.0 Armour
 + Level 3.3 Shields


You had 3 spell levels left.
You didn't know any spells.
Your spell library contained the following spells:

 Spells                   Type           Power      Damage    Failure   Level
 Apportation              Tloc           0%         N/A       86%         1
 Necrotise                Necr           0%         1d4       86%         1
 Summon Small Mammal      Summ           0%         N/A       86%         1


Dungeon Overview and Level Annotations

Branches:
Dungeon (3/15)

Altars:


Innate Abilities, Weirdness & Mutations

You have extremely sharp teeth.
Your natural rate of healing is unusually fast.
When hurt, damage is shared between your health and your magic reserves.
Your bite disrupts and absorbs the magic of your enemies.
Potions cannot restore your health.


Message History

You kill the ball python!
Unknown command.
Aiming: Iceblast
Press: ? - help, Shift-Dir - straight line, f - black bear
Aim: a black bear The mass of ice explodes!
The iceblast engulfs the black bear!
The black bear is heavily wounded.
Unknown command.
Aiming: Iceblast
Press: ? - help, Shift-Dir - straight line, f/p - black bear
Aim: a black bear (heavily wounded)
The mass of ice explodes!
The iceblast engulfs the black bear!
The black bear is severely wounded.
Unknown command.
The black bear bites you but does no damage.
The black bear barely misses you. x2
You barely miss the black bear. Your bite misses the black bear.
The black bear is severely wounded.
The black bear goes berserk!
You hit the black bear.
You bite the black bear, but do no damage.
The black bear is almost dead.
The black bear barely misses you. The black bear claws you.
The black bear claws you but does no damage.
The hobgoblin closely misses you. The black bear bites you.
You block the black bear's attack. The black bear barely misses you.
You barely miss the black bear.
The black bear is almost dead.
You block the black bear's attack. The black bear claws you. x2
You block the hobgoblin's attack. The black bear closely misses you.
The black bear claws you.
* * * LOW HITPOINT WARNING * * *
The black bear claws you.
* * * LOW HITPOINT WARNING * * *
You are too injured to fight recklessly!
Unknown command.
You barely miss the black bear.
The black bear is almost dead.
You block the hobgoblin's attack. The black bear bites you!
You die...

####... .# ......... .# ###
#.......# .# ..#
#.......######.# ####.#
#.......##...#.# .)<#.#
#.......##.).#.#
.###)###.......##g..#.##.#$.
)).)............@h..........
.###.#########.######.##....
.....#####......# .# .
.#..............# .#
.#.#######......# .# ...#
#......# .# ...# #......# ..
...# #......# ## ...####
#......#####


You could see a black bear (berserk) and a hobgoblin.

Vanquished Creatures
  An orc wizard (D:3)
  A worm (D:2)
  7 orcs (D:3)
  4 endoplasms
  4 giant cockroaches
  5 goblins
  4 hobgoblins
  3 quokkas
  3 ball pythons
  7 bats
  4 frilled lizards
  5 kobolds
  8 rats
56 creatures vanquished.

Notes
Turn   | Place    | Note
-------+----------+-------------------------------------------
     0 | D:1      | Zonian the Vine Stalker Fighter began the quest for the
                  | Orb.
     0 | D:1      | Reached XP level 1. HP: 11/11 MP: 2/2
   160 | D:1      | Reached XP level 2. HP: 16/16 MP: 3/3
   839 | D:2      | Reached XP level 3. HP: 19/20 MP: 2/4
  1579 | D:3      | Gained mutation: Your natural rate of healing is unusually
                  | fast. [Vine Stalker growth]
  1579 | D:3      | Reached XP level 4. HP: 20/24 MP: 5/5
  1874 | D:3      | Noticed a black bear
  1888 | D:3      | Slain by a black bear

Illustrated notes

Levels and vault maps discovered:
D:1:      saegor_arrival_fortress, layout_loops_ring
D:2:      layout_basic
D:3:      layout_basic, gammafunk_ghost_cemetery, basic_ecumenical_altar

Skill      XL: |  1  2  3  4 |
---------------+-------------+-----
Short Blades   | 2 |  2.6
Shields        | 3 |  3.3
Fighting       | 3 |  3.2
Armour         | 3 |  3.0

Action                   |  1- 3 |  4- 6 || total
-------------------------+-------+-------++-------
Melee: Rapier            |   138 |    34 ||   172
       Bite              |    31 |     9 ||    40
Evoke: Wand              |       |     3 ||     3
  Use: Scroll            |       |    10 ||    10
Armor: Scale mail        |    54 |    14 ||    68
Dodge: Dodged            |    55 |    16 ||    71
Block: Buckler           |    18 |    14 ||    32

Table legend: (Time is in decaauts)
 A = Elapsed time spent in this place.
 B = Non-inter-level travel time spent in this place.
 C = Inter-level travel time spent in this place.
 D = Time resting spent in this place.
 E = Time spent auto-exploring this place.
 F = Levels seen in this place.
 G = Mean time per level.
                   A        B        C        D        E       F      G
               +--------+--------+--------+--------+--------+-----+--------+
         Total |   1910 |   1874 |     36 |    306 |   1163 |   3 |  636.7 |
       Dungeon |   1910 |   1874 |     36 |    306 |   1163 |   3 |  636.7 |
               +--------+--------+--------+--------+--------+-----+--------+

Top non-repeatable levels by time:
     D:1: 831 daAuts
     D:2: 730 daAuts
     D:3: 348 daAuts
